 Dungeon Crawl Stone Soup version 0.19.0-19-g8c6edcc (webtiles) character file.

10528 Rrauwl the Grappler (level 11, -3/95 HPs)
             Began as a Green Draconian Monk on Nov 13, 2016.
             Was a High Priest of Nemelex Xobeh.
             Slain by a minotaur
             ... wielding a +1 demon trident of flaming
              (29 damage)
             ... in a labyrinth.
             The game lasted 02:13:25 (9886 turns).

Rrauwl the Grappler (Green Draconian Monk)          Turns: 9886, Time: 02:13:25

Health: -3/95      AC:  9    Str: 20    XL:     11   Next: 37%
Magic:  16/19      EV: 18    Int: 11    God:    Nemelex Xobeh [*****.]
Gold:   1108       SH:  0    Dex: 12    Spells: 2 memorised, 16 levels left

rFire  + . .     SeeInvis .       - Unarmed
rCold  . . .     Gourm    .     (armour unavailable)
rNeg   + . .     Faith    +     (no shield)
rPois  +         Spirit   .     (helmet restricted)
rElec  .         Reflect  .     c - +0 cloak
rCorr  .         Harm     .     (no gloves)
MR     .....                    p - +0 pair of boots
Stlth  ++........               m - amulet of faith
                                h - ring of Haerucot {rN+ EV+2 Str+4 Dex-2}
                                H - ring "Byges" {+Fly rF+}

@: no status effects
A: breathe noxious fumes, unfitting armour, poison resistance, cold-blooded, AC
+7
a: Breathe Noxious Fumes, Triple Draw, Deal Four, Stack Five, Renounce Religion,
Evoke Flight


You were in a labyrinth.
You worshipped Nemelex Xobeh.
Nemelex Xobeh was extremely pleased with you.
You were full.

You visited 2 branches of the dungeon, and saw 11 of its levels.
You also visited: Labyrinth and Ice Cave.

You collected 1108 gold pieces.

Inventory:

Armour
 c - a +0 cloak (worn)
 p - a +0 pair of boots (worn)
Jewellery
 h - the ring of Haerucot (right hand) {rN+ EV+2 Str+4 Dex-2}
   (You found it on level 8 of the Dungeon)

   [ring of evasion]

   It affects your evasion (+2).
   It affects your strength (+4).
   It affects your dexterity (-2).
   It protects you from negative energy.
 m - an amulet of faith (around neck)
 o - an uncursed ring of see invisible
 y - an uncursed ring of protection from fire
 C - an uncursed ring of ice
 H - the ring "Byges" (left hand) {+Fly rF+}
   (You found it in an ice cave)

   [ring of flight]

   It protects you from fire.
   It lets you fly.
Wands
 j - a wand of acid (4/15)
 E - a wand of paralysis (2/24)
 F - a wand of disintegration (8/24)
Scrolls
 f - a scroll of identify
 i - 3 scrolls of recharging
 l - 2 scrolls of remove curse
 n - 4 scrolls of magic mapping
 s - 3 scrolls of teleportation
 B - a scroll of fear
Books
 k - a book of Necromancy

   Spells                             Type                      Level
   a - Pain                           Necromancy                   1
   b - Animate Skeleton               Necromancy                   1
   c - Vampiric Draining              Necromancy                   3
   d - Regeneration                   Charms/Necromancy            3
   e - Animate Dead                   Necromancy                   4
   f - Control Undead                 Necromancy                   4
 A - a book of Conjurations

   Spells                             Type                      Level
   a - Magic Dart                     Conjuration                  1
   b - Searing Ray                    Conjuration                  2
   c - Dazzling Spray                 Conjuration/Hexes            3
   d - Fulminant Prism                Conjuration/Hexes            4
   e - Iskenderun's Mystic Blast      Conjuration                  4
   f - Iskenderun's Battlesphere      Conjuration/Charms           5
Miscellaneous
 e - an ornate deck of summoning {drawn: 2}
 g - an ornate deck of destruction {drawn: 2}
 q - a legendary deck of escape
 I - a legendary deck of destruction
 J - a disc of storms
Comestibles
 a - 10 bread rations
 b - 6 fruits
 z - 8 beef jerkies


   Skills:
 * Level 8.5 Fighting
 * Level 7.4 Dodging
 - Level 3.0 Stealth
 + Level 10.6 Unarmed Combat
 * Level 5.6 Spellcasting
 * Level 5.4 Conjurations
 + Level 6.7 Invocations
 - Level 0.2 Evocations


You had 16 spell levels left.
You knew the following spells:

 Your Spells              Type           Power        Failure   Level  Hunger
a - Magic Dart            Conj           ##..         2%          1    None
b - Iskenderun's Mystic   Conj           ##......     24%         4    ####...


Dungeon Overview and Level Annotations

Branches:
Dungeon (8/15)             Temple (0/1) D:5            Lair (3/6) D:8
  Snake (0/4) Lair:3
  Swamp: Lair:2-4    Shoals: Lair:2-4

Altars:
Ashenzari
Cheibriados
Dithmenos
Gozag
Kikubaaqudgha
Makhleb
Nemelex Xobeh
Ru
Trog
Zin

Shops:
D:2 *

Annotations:
Lair:3 Gastronok


Innate Abilities, Weirdness & Mutations

You can breathe blasts of noxious fumes.
Your lurid green scales are hard. (AC +7)
You cannot fit into any form of body armour.
Your system is resistant to poisons. (rPois)
You are cold-blooded and may be slowed by cold attacks.


Message History

Aim: a minotaur, wielding a demon trident of flaming, wearing a plate armour and wearing a ring of protection The magic dart hits the minotaur.
You draw a card...
It is the Illusion.
Suddenly you stand beside yourself.
The minotaur hits you with a demon trident of flaming.
The minotaur burns you. The minotaur gores you!
Rrauwl's illusion completely misses the minotaur.
The minotaur furiously retaliates!
The minotaur headbutts Rrauwl's illusion.
You barely miss the minotaur.
The minotaur furiously retaliates!
The minotaur headbutts you!
You tail-slap the minotaur, but do no damage.
The minotaur hits you with a demon trident of flaming!!
The minotaur burns you.
* * * LOW HITPOINT WARNING * * *
The minotaur gores you but does no damage.
Rrauwl's illusion gestures at the minotaur while chanting.
The magic dart hits the minotaur.
The minotaur hits you from afar with a demon trident of flaming!!
You die...
Your body glows slightly and disappears.

# #).|#.. # .
#8.8#.. .# .
#:.=#.##. #.
#8.8#... ### .###.
#...#..## # #..
#....#8.8 ... #
#.#######..##H##.##
#.. ....#....@.@..#.
# #.#
###.####...##.#.#.
#.#...#.....#.....#
.#
.#.###.#.#.#.#.#####
.. . .# #.#...#. . .
# #. #########.# # .
.... .... # # # .
### ##### ###. # # #
. .


You could see a minotaur and the friendly Rrauwl's illusion.

Vanquished Creatures
  2 ice dragons (IceCv)
  A spiny frog (Lair:2)
  2 komodo dragons (Lair:2)
  A rime drake (IceCv)
  2 hippogriffs
  A hog (shapeshifter) (D:8)
  2 yaks (D:8)
  A golden eye (D:8)
  3 nagas (Lair:3)
  3 water moccasins
  6 porcupines
  11 ice beasts
  5 wolves
  A tengu (shapeshifter) (D:8)
  2 ogres (D:7)
  5 crocodiles
  2 centaurs
  A big kobold (Lair:1)
  8 bullfrogs
  A scorpion (IceCv)
  A howler monkey (D:6)
  2 jellies (D:8)
  2 hounds (D:6)
  3 gnoll shamans (D:6)
  An orc priest (D:5)
  2 orc wizards
  2 bullfrog zombies
  2 iguanas
  7 worker ants
  A hound zombie (D:6)
  A mummy (D:6)
  17 gnolls
  A howler monkey skeleton (D:4)
  A river rat (D:8)
  7 adders
  3 shadow imps
  An adder skeleton (D:7)
  2 worms
  3 dart slugs
  7 leopard geckos
  6 orcs
  5 bats
  5 giant cockroaches
  10 hobgoblins
  19 jackals
  2 quokkas
  2 ball pythons (D:1)
  4 frilled lizards
  15 goblins
  4 kobolds
  A leopard gecko skeleton (D:6)
  A quokka zombie (D:6)
  10 rats
  A plant (Lair:2)
211 creatures vanquished.

Vanquished Creatures (collateral kills)
  The ghost of Elizilla the Grappler, a novice TrMo of Uskayaw (D:7)
  2 hippogriffs
  2 fire bats (IceCv)
  2 yaks (D:8)
  2 porcupines (Lair:1)
  7 ice beasts
  A necrophage (D:8)
  5 wolves
  A boggart (Lair:1)
  An ogre (D:6)
  A crocodile (IceCv)
  A scorpion (D:6)
  A crimson imp (D:6)
  A quasit (D:8)
  A bullfrog zombie (D:5)
  An orc priest (D:3)
  A hound (D:8)
  A gnoll shaman (D:6)
  2 orc wizards
  An iguana (D:4)
  3 worker ants
  2 gnolls (D:6)
  An adder (D:5)
  A river rat (D:8)
  An adder skeleton (D:5)
  6 orcs
  4 goblins (D:2)
  A hobgoblin (D:2)
  A quokka skeleton (D:4)
55 creatures vanquished.

Vanquished Creatures (others)
  A porcupine (D:8)
  A crocodile (D:8)
  A howler monkey (D:5)
  2 orc priests
  An orc wizard (D:7)
  8 gnolls (D:6)
  A river rat (D:8)
  An orc (D:7)
  A jackal (D:6)
  3 plants (D:8)
20 creatures vanquished.

Grand Total: 286 creatures vanquished

Notes
Turn   | Place    | Note
-------+----------+-------------------------------------------
     0 | D:1      | Rrauwl the Draconian Monk began the quest for the Orb.
     0 | D:1      | Reached XP level 1. HP: 19/19 MP: 1/1
   175 | D:1      | Reached XP level 2. HP: 23/26 MP: 2/2
  1029 | D:2      | Reached XP level 3. HP: 23/33 MP: 3/3
  1248 | D:2      | Found a sparkling altar of Nemelex Xobeh.
  1255 | D:2      | Became a worshipper of Nemelex Xobeh the Trickster
  1255 | D:2      | Received a gift from Nemelex Xobeh
  1255 | D:2      | Reached * piety under Nemelex Xobeh
  1255 | D:2      | Received a gift from Nemelex Xobeh
  1255 | D:2      | Received a gift from Nemelex Xobeh
  1255 | D:2      | Reached ** piety under Nemelex Xobeh
  1276 | D:2      | Found Zin's Purification Station.
  1276 | D:2      | Found a glowing silver altar of Zin.
  1627 | D:2      | Reached XP level 4. HP: 40/40 MP: 4/4
  1903 | D:3      | Found a faded altar of an unknown god.
  2060 | D:3      | Received a gift from Nemelex Xobeh
  2119 | D:3      | Reached skill level 1 in Invocations
  2121 | D:3      | Reached XP level 5. HP: 43/46 MP: 4/6
  2128 | D:3      | Reached skill level 4 in Unarmed Combat
  2428 | D:4      | Noticed a chaos spawn
  2430 | D:4      | Reached skill level 1 in Spellcasting
  2484 | D:4      | Found a sparkling altar of Nemelex Xobeh.
  2530 | D:4      | Learned a level 1 spell: Confusing Touch
  2574 | D:4      | Reached *** piety under Nemelex Xobeh
  2696 | D:4      | Reached XP level 6. HP: 42/52 MP: 7/7
  2884 | D:5      | Entered Level 5 of the Dungeon
  2923 | D:5      | Found a sacrificial altar of Ru.
  2963 | D:5      | Found a staircase to the Ecumenical Temple.
  3105 | D:5      | Found an ancient bone altar of Kikubaaqudgha.
  3105 | D:5      | Found a faded altar of an unknown god.
  3112 | D:5      | Found a faded altar of an unknown god.
  3115 | D:5      | Found a faded altar of an unknown god.
  3117 | D:5      | Found a faded altar of an unknown god.
  3154 | D:5      | Received a gift from Nemelex Xobeh
  3259 | D:5      | HP: 1/53 [ogre/giant spiked club (13)]
  3260 | D:5      | Noticed a water moccasin
  3260 | D:5      | an ogre changed into a water moccasin
  3263 | D:5      | Killed a water moccasin
  3263 | D:5      | Reached skill level 5 in Unarmed Combat
  3263 | D:5      | Your scales start taking on a lurid green colour.
  3263 | D:5      | Reached XP level 7. HP: 2/60 MP: 9/9
  3263 | D:5      | Gained mutation: Your system is resistant to poisons. (rPois) [Green Draconian growth]
  3431 | D:5      | Found an opulent altar of Gozag.
  3884 | D:6      | Reached skill level 5 in Fighting
  3903 | D:6      | Reached skill level 6 in Unarmed Combat
  3982 | D:6      | Reached XP level 8. HP: 13/68 MP: 4/11
  4445 | D:6      | Found a snail-covered altar of Cheibriados.
  4456 | D:6      | Received a gift from Nemelex Xobeh
  4667 | D:6      | Reached **** piety under Nemelex Xobeh
  4832 | D:6      | Reached skill level 7 in Unarmed Combat
  5004 | D:6      | Received a gift from Nemelex Xobeh
  5004 | D:6      | Found a shadowy altar of Dithmenos.
  5158 | D:6      | Found a bloodstained altar of Trog.
  5196 | D:6      | Found a burning altar of Makhleb.
  5197 | D:6      | Found a shattered altar of Ashenzari.
  5662 | D:7      | Learned a level 1 spell: Magic Dart
  5808 | D:7      | Reached XP level 9. HP: 70/75 MP: 10/14
  5876 | D:7      | Noticed Elizilla's ghost (novice TrMo)
  5905 | D:7      | Received a gift from Nemelex Xobeh
  5968 | D:7      | Reached skill level 1 in Conjurations
  5968 | D:7      | Reached skill level 5 in Invocations
  5989 | D:7      | Killed Elizilla's ghost
  5989 | D:7      | Reached skill level 5 in Dodging
  5989 | D:7      | Reached skill level 8 in Unarmed Combat
  6459 | D:8      | Reached XP level 10. HP: 43/86 MP: 16/16
  6484 | D:8      | Reached skill level 9 in Unarmed Combat
  6590 | D:7      | Learned a level 4 spell: Iskenderun's Mystic Blast
  6759 | D:8      | Reached ***** piety under Nemelex Xobeh
  6759 | D:8      | Received a gift from Nemelex Xobeh
  6812 | D:8      | Got a coiled pewter ring
  6814 | D:8      | Identified the ring of Haerucot {rN+ EV+2 Str+4 Dex-2} (You found it on level 8 of the Dungeon)
  6864 | D:8      | Found a staircase to the Lair.
  6953 | Lair:1   | Entered Level 1 of the Lair of Beasts
  7037 | Lair:1   | Found a frozen archway.
  7142 | Lair:1   | Noticed a spiny frog
  7175 | IceCv    | Entered an ice cave
  7270 | IceCv    | Noticed an ice statue
  7270 | IceCv    | Noticed an ice statue
  7610 | IceCv    | Noticed an ice dragon
  7610 | IceCv    | Noticed an ice dragon
  7616 | IceCv    | HP: 4/88 [ice dragon (9)]
  7617 | IceCv    | Killed an ice dragon
  7617 | IceCv    | Reached skill level 5 in Spellcasting
  7626 | IceCv    | Killed an ice dragon
  7626 | IceCv    | Reached skill level 10 in Unarmed Combat
  7682 | IceCv    | Got an ancient silver ring
  7719 | IceCv    | Identified the ring "Byges" {+Fly rF+} (You found it in an ice cave)
  7981 | Lair:1   | Received a gift from Nemelex Xobeh
  8383 | Lair:2   | Received a gift from Nemelex Xobeh
  8397 | Lair:2   | Reached XP level 11. HP: 60/94 MP: 18/18
  8717 | Lair:2   | Reached skill level 5 in Conjurations
  9126 | Lair:3   | Received a gift from Nemelex Xobeh
  9234 | Lair:3   | Found a staircase to the Snake Pit.
  9381 | Lair:3   | Noticed Gastronok
  9512 | Lair:3   | Found a labyrinth entrance.
  9517 | Lair:3   | Received a gift from Nemelex Xobeh
  9522 | Lab      | Entered a labyrinth
  9877 | Lab      | Noticed a minotaur
  9886 | Lab      | Slain by a minotaur

Skill      XL: |  1  2  3  4  5  6  7  8  9 10 11 |
---------------+----------------------------------+-----
Dodging        | 3 4 5 7 |  7.4
Stealth        | 2 3 |  3.0
Fighting       | 4 5 6 7 8 |  8.5
Invocations    | 1 2 3 4 5 6 |  6.7
Unarmed Combat | 4 5 6 7 8 10 | 10.6
Spellcasting   | 1 2 3 4 5 |  5.6
Conjurations   | 3 4 5 |  5.4
Evocations     | |  0.2

Action                   |  1- 3 |  4- 6 |  7- 9 | 10-12 || total
-------------------------+-------+-------+-------+-------++-------
Melee: Unarmed           |   140 |   196 |   403 |   249 ||   988
       Tailslap          |    20 |    30 |    58 |    34 ||   142
       Punch             |     1 |     3 |    10 |    11 ||    25
 Cast: Confusing Touch   |       |       |     9 |       ||     9
       Magic Dart        |       |       |     7 |    41 ||    48
       Iskenderun's Myst |       |       |       |     2 ||     2
Invok: Triple Draw       |       |       |       |     1 ||     1
 Abil: Breathe Noxious F |       |       |       |     1 ||     1
Evoke: Deck              |       |    11 |    34 |    26 ||    71
       Wand              |       |       |       |     3 ||     3
  Use: Scroll            |     3 |     5 |     2 |     7 ||    17
       Potion            |       |     3 |     3 |     2 ||     8
 Stab: Sleeping          |     8 |     1 |     2 |       ||    11
       Distracted        |       |     1 |     1 |       ||     2
       Petrified         |       |       |     9 |       ||     9
       Confused          |       |       |     4 |       ||     4
       Paralysed         |       |       |       |     5 ||     5
  Eat: Chunk             |     2 |     6 |    11 |     4 ||    23
       Pizza             |       |       |       |     2 ||     2
       Royal jelly       |       |       |       |     2 ||     2
       Meat ration       |       |       |       |     1 ||     1
Armor: Skin              |    37 |    47 |    99 |    62 ||   245
Dodge: Dodged            |    73 |   113 |   238 |   187 ||   611
